 Dungeon Crawl Stone Soup version 0.28.0-53-g5a82cb258f (webtiles) character file.

Game seed: 17483403807689847552

1299 gobodom the Firebug (level 8, 0/60 HPs)
             Began as a Demonspawn Cinder Acolyte on June 21, 2022.
             Was a High Priest of Ignis.
             Slain by a centaur warrior zombie (2 damage)
             ... on level 6 of the Dungeon.
             The game lasted 00:40:24 (7048 turns).

gobodom the Firebug (Demonspawn Cinder Acolyte)     Turns: 7048, Time: 00:40:25

Health: 0/60       AC:  8    Str: 15    XL:     8   Next: 31%
Magic:  11/14      EV: 12    Int: 15    God:    Ignis [*****.]
Gold:   116        SH:  0    Dex: 11    Spells: 10/15 levels left

rFire   + . .      SeeInvis .   r - +4 scythe (flame)
rCold   . . .      Faith    .   (shield currently unavailable)
rNeg    + . .      Spirit   .   l - +1 robe {Archmagi}
rPois   .          Reflect  .   o - +0 helmet
rElec   .          Harm     .   (no cloak)
rCorr   .          Rampage  .   (no gloves)
Will    .....      Archmagi +   n - +0 pair of boots
Stlth   ++........              (no amulet)
HPRegen 0.20/turn               d - ring of wizardry
MPRegen 0.14/turn               t - ring of positive energy

@: no status effects
A: yellow scales 2, foul stench 1, weakness stinger 2
a: Renounce Religion, Fiery Armour, Foxfire Swarm, Rising Flame


You were on level 6 of the Dungeon.
You worshipped Ignis.
Ignis was extremely pleased with you.
You visited 2 branches of the dungeon, and saw 7 of its levels.

You collected 208 gold pieces.
You spent 92 gold pieces at shops.

Inventory:

Hand Weapons
 a - a -1 falchion of flaming
 b - a +2 dagger of venom
 m - a +6 dagger
 r - a +4 scythe of flaming (weapon)
 u - a +2 vampiric spear
 v - a +0 short sword of venom
 w - a +2 whip of freezing
Missiles
 g - 6 boomerangs
 h - 3 atropa-tipped darts
 q - 11 poisoned darts (quivered)
Armour
 l - a +1 robe of the Archmagi (worn)
 n - a +0 pair of boots (worn)
 o - a +0 helmet (worn)
Magical Staves
 i - a staff of fire
Jewellery
 d - a ring of wizardry (left hand)
 t - a ring of positive energy (right hand)
Wands
 p - a wand of polymorph (4)
Scrolls
 c - 4 scrolls of noise
 e - a scroll of vulnerability
 k - 2 scrolls of fear
Potions
 f - a potion of brilliance
 j - a potion of ambrosia


   Skills:
 + Level 4.0 Fighting
 + Level 3.2 Long Blades
 * Level 2.8(3.5) Polearms
 + Level 3.0(3.6) Staves
 + Level 1.4 Throwing
 + Level 2.1 Dodging
 + Level 1.9 Stealth
 + Level 0.6 Unarmed Combat
 + Level 4.3 Spellcasting
 + Level 5.0 Fire Magic
 + Level 1.3 Evocations


You had 10 spell levels left.
You knew the following spells:

 Your Spells              Type           Power      Damage    Failure   Level
a - Scorch                Fire           54%        2d7       1%          2
b - Tukima's Dance        Hex            4%         N/A       21%         3

Your spell library contained the following spells:

 Spells                   Type           Power      Damage    Failure   Level
 Dazzling Flash           Conj/Hex       8%         N/A       21%         3
 Anguish                  Hex/Necr       2%         N/A       52%         4
 Iskenderun's Mystic Bla  Conj/Tloc      4%         2d3       52%         4
 Starburst                Conj/Fire      8%         6d4       97%         6
 Enfeeble                 Hex            2%         N/A       100%        7


Dungeon Overview and Level Annotations

Branches:
Dungeon (6/15)             Temple (1/1) D:5

Altars:
Ashenzari
Cheibriados
Dithmenos
Elyvilon
Fedhas
Gozag
Hepliaklqana
Kikubaaqudgha
Makhleb
Nemelex Xobeh
Okawaru
Qazlal
Ru
Sif Muna
Trog
Vehumet
Wu Jian
Xom
Yredelemnul
Zin
The Shining One

Shops:
D:4 [

Portals:
Abyss: D:4

Annotations:
D:4 1 transporter, Duvessa; jiml777's ghost, amateur GnAE


Innate Abilities, Weirdness & Mutations

You are mostly covered in yellow scales. (AC +3)
You may rarely emit foul miasma when damaged in melee.
You have a tail ending in a sharp stinger.


Message History

Confirm with . or Enter, or press ? or * to list all spells.
You feel a surge of power!
Flames lash the centaur warrior zombie.
The centaur warrior zombie is heavily damaged.
The centaur warrior zombie's fire resistance burns away.
The centaur warrior zombie hits you! The centaur warrior zombie misses you.
Casting: Scorch (safe; 1% risk of failure)
Confirm with . or Enter, or press ? or * to list all spells.
You feel a surge of power!
Flames lash the centaur warrior zombie.
The centaur warrior zombie is burned terribly!
The centaur warrior zombie is severely damaged.
The centaur warrior zombie hits you!
* * * LOW HITPOINT WARNING * * *
The centaur warrior zombie kicks you but does no damage.
You hit the centaur warrior zombie. You burn the centaur warrior zombie.
The centaur warrior zombie is almost destroyed.
The centaur warrior zombie hits you but does no damage.
The centaur warrior zombie misses you.
The centaur warrior zombie barely misses you.
The centaur warrior zombie kicks you.
* * * LOW HITPOINT WARNING * * *
The centaur warrior zombie hits you!
* * * LOW HITPOINT WARNING * * *
The centaur warrior zombie completely misses you.
There is a stone staircase leading up here.
Aiming: Polymorph
Press: ? - help, Q - select action, (/) - cycle Shift-Dir - straight line, f - centaur warrior zombie
Aim: a centaur warrior zombie (almost destroyed, more vulnerable to fire, not susceptible)
The centaur warrior zombie is unaffected.
The centaur warrior zombie hits you but does no damage.
The centaur warrior zombie kicks you but does no damage.
The centaur warrior zombie hits you.
* * * LOW HITPOINT WARNING * * *
The centaur warrior zombie kicks you.
* * * LOW HITPOINT WARNING * * *
You hit the centaur warrior zombie. You burn the centaur warrior zombie.
You tail-slap the centaur warrior zombie.
The centaur warrior zombie is almost destroyed.
The centaur warrior zombie closely misses you.
The centaur warrior zombie kicks you.
You die...

........#
........#
........#
........#
........#
........#
####....#######
.......@.......
#####.#Z#######
#............
#.#.#°####### #
#.#.# # #.# #.#
#.# ...


You could see a centaur warrior zombie (combustible).

Vanquished Creatures
  Sigmund (D:3)
  Edmund (D:4)
  An ice beast (D:5)
  A sky beast (D:5)
  2 ogres
  A centaur (D:5)
  A small abomination (D:4)
  A scorpion (D:4)
  Dowan (D:4)
  3 hounds (D:5)
  A bullfrog skeleton (D:4)
  3 iguanas (D:5)
  Ijyb (D:3)
  3 gnolls (D:4)
  Robin (D:3)
  4 adders
  A white imp (D:4)
  2 ufetubi
  3 worms
  4 dart slugs
  An orc (D:4)
  4 ball pythons
  3 endoplasms
  3 giant cockroaches
  9 goblins
  12 hobgoblins
  5 jackals (D:1)
  5 kobolds
  4 quokkas
  11 bats
  A frilled lizard (D:2)
  3 rats
97 creatures vanquished.

Vanquished Creatures (others)
  25 foxfires (D:3)
25 creatures vanquished.

Grand Total: 122 creatures vanquished

Notes
Turn   | Place    | Note
-------+----------+-------------------------------------------
     0 | D:1      | gobodom the Demonspawn Cinder Acolyte began the quest for
                  | the Orb.
     0 | D:1      | Reached XP level 1. HP: 18/18 MP: 2/2
   225 | D:1      | Gained mutation: You have a small tail. [demonic ancestry]
   225 | D:1      | Reached XP level 2. HP: 24/24 MP: 3/3
   230 | D:1      | Found a faded altar of an unknown god.
  1006 | D:2      | Learned a level 2 spell: Scorch
  1075 | D:2      | Gained mutation: You are partially covered in yellow
                  | scales. (AC +2) [demonic ancestry]
  1075 | D:2      | Reached XP level 3. HP: 25/29 MP: 4/4
  1086 | D:2      | Reached skill level 3 in Fire Magic
  2254 | D:3      | Reached XP level 4. HP: 34/35 MP: 0/5
  2322 | D:3      | Noticed Sigmund
  2327 | D:3      | Noticed Ijyb
  2634 | D:3      | Reached skill level 1 in Stealth
  2661 | D:3      | Noticed Robin
  2700 | D:3      | Reached skill level 1 in Evocations
  2700 | D:3      | Killed Ijyb
  2706 | D:3      | Killed Robin
  3173 | D:3      | Killed Sigmund
  3174 | D:3      | Reached skill level 1 in Staves
  3174 | D:3      | Reached skill level 1 in Dodging
  3174 | D:3      | Gained mutation: You may rarely emit foul miasma when
                  | damaged in melee. [demonic ancestry]
  3174 | D:3      | Reached XP level 5. HP: 18/41 MP: 1/8
  3174 | D:3      | Gained mutation: You are mostly covered in yellow scales.
                  | (AC +3) [demonic ancestry]
  3174 | D:3      | Reached XP level 6. HP: 20/47 MP: 1/9
  3399 | D:4      | Noticed Edmund
  3436 | D:4      | Found a transporter.
  3460 | D:4      | Found a transporter.
  3503 | D:4      | Found a one-way gate to the infinite horrors of the Abyss.
  3503 | D:4      | Noticed jiml777's ghost (amateur GnAE)
  3605 | D:4      | Reached skill level 4 in Fire Magic
  4150 | D:4      | Found Kill's Antique Armour Boutique.
  4188 | D:4      | Bought a glowing robe for 92 gold pieces
  4212 | D:4      | Noticed Dowan
  4214 | D:4      | Noticed Duvessa
  4217 | D:4      | Killed Dowan
  4218 | D:4      | Reached XP level 7. HP: 53/53 MP: 3/11
  4531 | D:4      | Killed Edmund
  5321 | D:5      | Entered Level 5 of the Dungeon
  5348 | D:5      | Learned a level 3 spell: Tukima's Dance
  5479 | D:5      | Reached skill level 1 in Polearms
  5479 | D:5      | Reached skill level 1 in Throwing
  5494 | D:5      | Found a staircase to the Ecumenical Temple.
  5503 | Temple   | Entered the Ecumenical Temple
  6129 | D:5      | Gained mutation: You have a tail ending in a sharp stinger.
                  | [demonic ancestry]
  6129 | D:5      | Reached XP level 8. HP: 55/60 MP: 7/14
  6293 | D:5      | Reached skill level 5 in Fire Magic
  7047 | D:6      | HP: 3/60 [centaur warrior zombie (6)]
  7048 | D:6      | Slain by a centaur warrior zombie

Illustrated notes

Levels and vault maps discovered:
D:1:      psy_arrival_statuary, layout_loops_ring, basic_ecumenical_altar
D:2:      layout_basic, dk_noncrumbling_3
D:3:      layout_rooms, hangedman_decor_opposing, uniq_robin, uniq_ijyb,
          uniq_sigmund
D:4:      layout_cave_pods, gammafunk_ghost_abyssal_escape, serial_shops, shop,
          uniq_duvessa, uniq_edmund
D:5:      layout_loops_ring, minmay_temple_entry_trees
D:6:      layout_basic, mainiacjoe_overflow_chevrons, serial_corexii_hall,
          corexii_hall_statues_deadend, chequers_hall_statues_wall_a,
          chequers_hall_statues_wall_a
Temple:   mainiacjoe_temple_trianglar_array

Skill      XL: |  1  2  3  4  5  6  7  8 |
---------------+-------------------------+-----
Long Blades    | 3 |  3.2
Fire Magic     | 3 4 5 |  5.0
Stealth        | 1 |  1.9
Evocations     | 1 |  1.3
Staves         | 1 2 3 |  3.0
Dodging        | 1 2 |  2.1
Spellcasting   | 2 3 4 |  4.3
Polearms       | 1 2 |  2.8
Throwing       | 1 |  1.4
Fighting       | 4 |  4.0
Unarmed Combat | |  0.6

Action                   |  1- 3 |  4- 6 |  7- 9 || total
-------------------------+-------+-------+-------++-------
Melee: Falchion          |    76 |       |       ||    76
       Tailslap          |     8 |    11 |     6 ||    25
       Punch             |     2 |       |       ||     2
       Staff             |    12 |    38 |     4 ||    54
       Unarmed           |       |     7 |       ||     7
       Scythe            |       |       |    31 ||    31
Throw: Dart              |       |     6 |    15 ||    21
 Cast: Scorch            |    17 |    25 |    25 ||    67
Invok: Foxfire Swarm     |       |     2 |       ||     2
Evoke: Wand              |       |       |     1 ||     1
  Use: Scroll            |       |     5 |     5 ||    10
 Stab: Sleeping          |       |     1 |       ||     1
Armor: Robe              |    32 |    12 |    42 ||    86
       Skin              |       |     6 |       ||     6
Dodge: Dodged            |    80 |    35 |    43 ||   158
